| TOP OF THE 1ST |
|
Iowa Cubs batting - Pitching for Lehigh Valley IronPigs : RHP Brian Thomas
|
|
Pitching: RHP Brian Thomas
|
|
|
Batting: LHB Jose Mojica
|
0-0: Ball 1-0: Called Strike 1-1: Called Strike 1-2: Ball 2-2: Strikes out swinging
|
|
Batting: RHB Butch Koglin
|
0-0: Ball 1-0: Foul Ball, location: 2F 1-1: Ball 2-1: Swinging Strike 2-2: Ball 3-2: DOUBLE (Line Drive, 9LD, EV 108.8 MPH)
|
|
Batting: SHB Gerardo Flores
|
0-0: Ground out 1-3 (Groundball, 34S, EV 61.9 MPH) Butch Koglin to third
|
|
Batting: LHB Chris Morgan
|
0-0: Swinging Strike 0-1: Ball 1-1: Swinging Strike 1-2: Ball 2-2: Foul Ball, location: 2F 2-2: Strikes out looking
|
| Top of the 1st over - 0 runs, 1 hit, 0 errors, 1 left on base; Iowa 0 - Lehigh Valley 0 |
| BOTTOM OF THE 1ST |
|
Lehigh Valley IronPigs batting - Pitching for Iowa Cubs : RHP Andy Temples
|
|
Pitching: RHP Andy Temples
|
|
|
Batting: LHB Chad Persaud
|
0-0: Called Strike 0-1: Ball 1-1: Ball 2-1: Ground out U3 (Groundball, 3, EV 81.2 MPH)
|
|
Batting: LHB Tyler Allen
|
0-0: Ball 1-0: Ball 2-0: SINGLE (Groundball, 15S, EV 67.5 MPH) (infield hit)
|
|
Batting: SHB Lance Franklin
|
0-0: Ball 1-0: Called Strike 1-1: Ball 2-1: Foul Ball, location: 2F 2-2: Ball 3-2: DOUBLE (Line Drive, 9LM, EV 90.0 MPH) Tyler Allen to third Runner from 3rd tries for Home, SAFE, no throw by RF
|
|
Batting: RHB Julian Nijhuis
|
0-0: Ball 1-0: Called Strike Lance Franklin steals 3rd base 1-1: Foul Ball, location: 2F 1-2: Ball 2-2: Ground out 5-3 (Groundball, 5, EV 96.2 MPH)
|
|
Batting: RHB Matt Sanders
|
0-0: Ball 1-0: Ball 2-0: Ball Wild Pitch! Lance Franklin scores 3-0: Base on Balls
|
|
Batting: RHB Josh Hensley
|
0-0: Ball 1-0: Ball 2-0: Called Strike 2-1: Ball 3-1: Base on Balls Matt Sanders to second
|
|
Batting: RHB Chris Pounds
|
0-0: Foul Ball, location: 2F 0-1: Foul Ball, location: 2F 0-2: Ball 1-2: Ball 2-2: Fielders Choice at 2nd, U6 (Groundball, 6M, EV 89.4 MPH)
|
| Bottom of the 1st over - 2 runs, 2 hits, 0 errors, 2 left on base; Iowa 0 - Lehigh Valley 2 |
| TOP OF THE 2ND |
|
Iowa Cubs batting - Pitching for Lehigh Valley IronPigs : RHP Brian Thomas
|
|
Batting: LHB John Criswell
|
0-0: Foul Ball, location: 2F 0-1: Ball 1-1: SINGLE (Groundball, 6D, EV 106.9 MPH)
|
|
Batting: SHB Tim Hone
|
0-0: Ball 1-0: Ball 2-0: Foul Ball, location: 2F 2-1: Foul Ball, location: 2F 2-2: Fly out, F9 (Flyball, 9, EV 86.2 MPH)
|
|
Batting: RHB Pat Barton
|
0-0: Foul Ball, location: 2F 0-1: Swinging Strike 0-2: Strikes out swinging
|
|
Batting: LHB Rich Atterberry
|
0-0: Ball 1-0: Ball 2-0: Ball 3-0: Called Strike 3-1: Foul Ball, location: 2F 3-2: Ground out 4-3 (Groundball, 4, EV 90.0 MPH)
|
| Top of the 2nd over - 0 runs, 1 hit, 0 errors, 1 left on base; Iowa 0 - Lehigh Valley 2 |
| BOTTOM OF THE 2ND |
|
Lehigh Valley IronPigs batting - Pitching for Iowa Cubs : RHP Andy Temples
|
|
Batting: RHB Dan Grable
|
0-0: Ball 1-0: Called Strike 1-1: Fly out, F9 (Flyball, 89M, EV 91.2 MPH)
|
|
Batting: RHB Bill Moldenhauer
|
0-0: Ball 1-0: Ball 2-0: Called Strike 2-1: Ball 3-1: Base on Balls
|
|
Batting: LHB Chad Persaud
|
0-0: Fly out, F7 (Flyball, 7LM, EV 83.8 MPH)
|
|
Batting: LHB Tyler Allen
|
0-0: Called Strike 0-1: Swinging Strike 0-2: Ball 1-2: Foul Ball, location: 2F 1-2: Ball 2-2: Foul Ball, location: 2F 2-2: Strikes out swinging
|
| Bottom of the 2nd over - 0 runs, 0 hits, 0 errors, 1 left on base; Iowa 0 - Lehigh Valley 2 |
| TOP OF THE 3RD |
|
Iowa Cubs batting - Pitching for Lehigh Valley IronPigs : RHP Brian Thomas
|
|
Batting: LHB Bobby Adams
|
0-0: Called Strike 0-1: Foul Ball, location: 2F 0-2: Ball 1-2: Ball 2-2: Strikes out swinging
|
|
Batting: LHB Jose Mojica
|
0-0: Called Strike 0-1: Ball 1-1: Foul Ball, location: 2F 1-2: DOUBLE (Line Drive, 8RD, EV 107.5 MPH)
|
|
Batting: RHB Butch Koglin
|
0-0: Ball 1-0: Ball 2-0: Called Strike 2-1: Ground out 6-3 (Groundball, 56, EV 91.9 MPH)
|
|
Batting: SHB Gerardo Flores
|
0-0: Foul Ball, location: 2F 0-1: Swinging Strike 0-2: Ball 1-2: Strikes out swinging
|
| Top of the 3rd over - 0 runs, 1 hit, 0 errors, 1 left on base; Iowa 0 - Lehigh Valley 2 |
| BOTTOM OF THE 3RD |
|
Lehigh Valley IronPigs batting - Pitching for Iowa Cubs : RHP Andy Temples
|
|
Batting: SHB Lance Franklin
|
0-0: Ball 1-0: Ball 2-0: Swinging Strike 2-1: Swinging Strike 2-2: Ball 3-2: Foul Ball, location: 2F 3-2: Foul Ball, location: 2F 3-2: Strikes out looking
|
|
Batting: RHB Julian Nijhuis
|
0-0: Ball 1-0: Called Strike 1-1: Swinging Strike 1-2: Ball 2-2: Ground out 5-3 (Groundball, 56, EV 84.4 MPH)
|
|
Batting: RHB Matt Sanders
|
0-0: Ball 1-0: Called Strike 1-1: Foul Ball, location: 2F 1-2: Ball 2-2: SINGLE (Flyball, 78S, EV 89.4 MPH)
|
|
Pitching: LHP Steve McClain
|
|
|
Batting: RHB Josh Hensley
|
0-0: Ball 1-0: Called Strike 1-1: Ball 2-1: Ball 3-1: Base on Balls Matt Sanders to second
|
|
Batting: RHB Chris Pounds
|
0-0: Ball 1-0: SINGLE (Groundball, 56D, EV 94.4 MPH) Matt Sanders to third Josh Hensley to second Runner from 3rd tries for Home, SAFE, throw by LF to home
|
|
Batting: RHB Dan Grable
|
0-0: Called Strike 0-1: Foul Ball, location: 2F 0-2: Ball 1-2: DOUBLE (Flyball, 8LD, EV 103.1 MPH) Josh Hensley scores Chris Pounds to third Runner from 3rd tries for Home, SAFE, throw by CF to home
|
|
Batting: RHB Bill Moldenhauer
|
0-0: Ball 1-0: Ball 2-0: Called Strike 2-1: Fly out, F5 (Line Drive, 5, EV 75.0 MPH)
|
| Bottom of the 3rd over - 3 runs, 3 hits, 0 errors, 1 left on base; Iowa 0 - Lehigh Valley 5 |
| TOP OF THE 4TH |
|
Iowa Cubs batting - Pitching for Lehigh Valley IronPigs : RHP Brian Thomas
|
|
Batting: LHB Chris Morgan
|
0-0: Ball 1-0: SINGLE (Groundball, 4MD, EV 104.4 MPH)
|
|
Batting: LHB John Criswell
|
0-0: SINGLE (Line Drive, 78M, EV 93.8 MPH) Chris Morgan to second
|
|
Batting: SHB Tim Hone
|
0-0: Ball 1-0: Called Strike 1-1: Ball 2-1: Called Strike 2-2: Ball 3-2: Base on Balls Chris Morgan to third John Criswell to second
|
|
Batting: RHB Pat Barton
|
0-0: Ball 1-0: Ball 2-0: Ball 3-0: Called Strike 3-1: Foul Ball, location: 2F 3-2: Foul Ball, location: 2F 3-2: Base on Balls Chris Morgan scores John Criswell to third Tim Hone to second
|
|
Batting: LHB Rich Atterberry
|
0-0: Ball 1-0: Foul Ball, location: 2F 1-1: Ball 2-1: Ball 3-1: Foul Ball, location: 2F 3-2: Base on Balls John Criswell scores Tim Hone to third Pat Barton to second
|
|
Batting: LHB Bobby Adams
|
0-0: DOUBLE (Line Drive, 7LS, EV 100.6 MPH) Tim Hone scores Pat Barton scores Rich Atterberry to third
|
|
Batting: LHB Jose Mojica
|
0-0: Ball 1-0: Foul Ball, location: 2F 1-1: DOUBLE (Flyball, 78D, EV 100.0 MPH) Rich Atterberry scores Bobby Adams scores
|
|
Pitching: RHP Wally Hoover
|
|
|
Batting: RHB Butch Koglin
|
0-0: SINGLE (Groundball, 4MD, EV 97.5 MPH) Jose Mojica to third Runner from 3rd tries for Home, SAFE, throw by CF to home
|
|
Batting: SHB Gerardo Flores
|
0-0: Ball 1-0: Called Strike 1-1: Called Strike 1-2: Fielders Choice at 2nd, 3-6 (Groundball, 3, EV 86.2 MPH)
|
|
Batting: LHB Chris Morgan
|
0-0: Ball 1-0: Swinging Strike 1-1: Ball 2-1: Swinging Strike 2-2: Ball 3-2: Fielders Choice at 2nd, 3-6 (Groundball, 3, EV 86.2 MPH)
|
|
Batting: LHB John Criswell
|
0-0: Called Strike 0-1: Ball 1-1: Swinging Strike 1-2: Foul Ball, location: 2F 1-2: Foul Ball, location: 2F 1-2: Foul Ball, location: 2F 1-2: SINGLE (Groundball, 34D, EV 96.9 MPH) Chris Morgan to second Runner from 2nd tries for 3rd, SAFE, no throw by RF
|
|
Batting: SHB Tim Hone
|
0-0: Called Strike 0-1: SINGLE (Line Drive, 4M, EV 95.0 MPH) Chris Morgan scores John Criswell to second
|
|
Batting: RHB Pat Barton
|
0-0: Swinging Strike 0-1: Fly out, F7 (Flyball, 78M, EV 80.0 MPH)
|
| Top of the 4th over - 8 runs, 7 hits, 0 errors, 2 left on base; Iowa 8 - Lehigh Valley 5 |
| BOTTOM OF THE 4TH |
|
Lehigh Valley IronPigs batting - Pitching for Iowa Cubs : LHP Steve McClain
|
|
Batting: LHB Chad Persaud
|
0-0: Ball 1-0: Ball 2-0: Ball 3-0: Called Strike 3-1: Foul Ball, location: 2F 3-2: Foul Ball, location: 2F 3-2: Foul Ball, location: 2F 3-2: Base on Balls
|
|
Batting: LHB Tyler Allen
|
0-0: Ball 1-0: Ground out 4-3 (Groundball, 4S, EV 71.9 MPH) Chad Persaud to second
|
|
Batting: SHB Lance Franklin
|
0-0: Ball 1-0: Ball 2-0: Called Strike 2-1: Called Strike 2-2: Strikes out swinging
|
|
Batting: RHB Julian Nijhuis
|
0-0: Called Strike 0-1: Foul Ball, location: 2F 0-2: Ball 1-2: Ball 2-2: Ball 3-2: DOUBLE (Flyball, 78D, EV 108.1 MPH) Chad Persaud scores
|
|
Batting: RHB Matt Sanders
|
0-0: Ball 1-0: Called Strike 1-1: Ball 2-1: Foul Ball, location: 2F 2-2: Strikes out looking
|
| Bottom of the 4th over - 1 run, 1 hit, 0 errors, 1 left on base; Iowa 8 - Lehigh Valley 6 |
| TOP OF THE 5TH |
|
Iowa Cubs batting - Pitching for Lehigh Valley IronPigs : RHP Wally Hoover
|
|
Batting: LHB Rich Atterberry
|
0-0: Ball 1-0: Ball 2-0: Foul Ball, location: 2F 2-1: Ball 3-1: Foul Ball, location: 2F 3-2: Foul Ball, location: 2F 3-2: Foul Ball, location: 2F 3-2: Strikes out swinging
|
|
Batting: LHB Bobby Adams
|
0-0: Called Strike 0-1: Ball 1-1: Ground out U3 (Groundball, 3, EV 101.9 MPH)
|
|
Batting: LHB Jose Mojica
|
0-0: Ball 1-0: Ball 2-0: Foul Ball, location: 2F 2-1: Foul Ball, location: 2F 2-2: Ball 3-2: Foul Ball, location: 2F 3-2: Base on Balls
|
|
Batting: RHB Butch Koglin
|
0-0: Called Strike 0-1: Ball 1-1: Ball 2-1: Ball 3-1: Fielders Choice at 2nd, 5-4 (Groundball, 56, EV 78.1 MPH)
|
| Top of the 5th over - 0 runs, 0 hits, 0 errors, 1 left on base; Iowa 8 - Lehigh Valley 6 |
| BOTTOM OF THE 5TH |
|
Lehigh Valley IronPigs batting - Pitching for Iowa Cubs : LHP Steve McClain
|
|
Batting: RHB Josh Hensley
|
0-0: Ball 1-0: Ball 2-0: Ball 3-0: Base on Balls
|
|
Pitching: RHP Chris Allen
|
|
|
Batting: RHB Chris Pounds
|
0-0: Called Strike 0-1: Foul Ball, location: 2F 0-2: Ball 1-2: Strikes out swinging
|
|
Batting: RHB Dan Grable
|
0-0: Ball 1-0: Ball 2-0: Swinging Strike 2-1: Fielders Choice at 2nd, 3-6 (Groundball, 34, EV 99.4 MPH)
|
|
Batting: RHB Bill Moldenhauer
|
0-0: Ball 1-0: Foul Ball, location: 2F 1-1: Ball 2-1: Foul Ball, location: 2F 2-2: Foul Ball, location: 2F 2-2: Ball 3-2: Foul Ball, location: 2F 3-2: SINGLE (Line Drive, 78S, EV 110.6 MPH) Dan Grable to second Dan Grable to third
|
|
Batting: LHB Chad Persaud
|
0-0: Foul Ball, location: 2F 0-1: Called Strike 0-2: Strikes out swinging
|
| Bottom of the 5th over - 0 runs, 1 hit, 0 errors, 2 left on base; Iowa 8 - Lehigh Valley 6 |
| TOP OF THE 6TH |
|
Iowa Cubs batting - Pitching for Lehigh Valley IronPigs : RHP Wally Hoover
|
|
Batting: SHB Gerardo Flores
|
0-0: Foul Ball, location: 2F 0-1: Fly out, F7 (Flyball, 7S, EV 82.5 MPH)
|
|
Batting: LHB Chris Morgan
|
0-0: Foul Ball, location: 2F 0-1: Foul Ball, location: 2F 0-2: Ball 1-2: Ball 2-2: Ball 3-2: SINGLE (Groundball, 4MD, EV 101.2 MPH)
|
|
Batting: LHB John Criswell
|
0-0: Fly out, F8 (Line Drive, 8LM, EV 103.1 MPH)
|
|
Batting: SHB Tim Hone
|
0-0: Ball 1-0: Ball 2-0: Called Strike 2-1: Ground out 4-3 (Groundball, 34, EV 83.1 MPH)
|
| Top of the 6th over - 0 runs, 1 hit, 0 errors, 1 left on base; Iowa 8 - Lehigh Valley 6 |
| BOTTOM OF THE 6TH |
|
Lehigh Valley IronPigs batting - Pitching for Iowa Cubs : RHP Chris Allen
|
|
Batting: LHB Tyler Allen
|
0-0: Ball 1-0: Ball 2-0: Called Strike 2-1: Swinging Strike 2-2: Foul Ball, location: 2F 2-2: Strikes out swinging
|
|
Batting: SHB Lance Franklin
|
0-0: Called Strike 0-1: Called Strike 0-2: Ball 1-2: Ball 2-2: Fly out, F7 (Flyball, 7LM, EV 100.6 MPH)
|
|
Batting: RHB Julian Nijhuis
|
0-0: Ground out 1-3 (Groundball, 13S, EV 71.9 MPH)
|
| Bottom of the 6th over - 0 runs, 0 hits, 0 errors, 0 left on base; Iowa 8 - Lehigh Valley 6 |
| TOP OF THE 7TH |
|
Iowa Cubs batting - Pitching for Lehigh Valley IronPigs : RHP Wally Hoover
|
|
Pitching: RHP Rome Corona
|
|
|
Batting: RHB Pat Barton
|
0-0: Ball 1-0: Ball 2-0: Foul Ball, location: 2F 2-1: Ground out 5-3 (Groundball, 15, EV 81.2 MPH)
|
|
Batting: LHB Rich Atterberry
|
0-0: Foul Ball, location: 2F 0-1: Swinging Strike 0-2: Foul Ball, location: 2F 0-2: Ball 1-2: Foul Ball, location: 2F 1-2: Ball 2-2: Strikes out swinging
|
|
Batting: LHB Bobby Adams
|
0-0: Ball 1-0: Foul Ball, location: 2F 1-1: Ball 2-1: Fly out, F3 (Popup, 3SF, EV 90.6 MPH)
|
| Top of the 7th over - 0 runs, 0 hits, 0 errors, 0 left on base; Iowa 8 - Lehigh Valley 6 |
| BOTTOM OF THE 7TH |
|
Lehigh Valley IronPigs batting - Pitching for Iowa Cubs : RHP Chris Allen
|
|
Pitching: RHP Joe Pate
|
|
|
Batting: RHB Matt Sanders
|
0-0: Ball 1-0: Foul Ball, location: 2F 1-1: Ball 2-1: SINGLE (Groundball, 56, EV 103.8 MPH) (infield hit)
|
|
Batting: RHB Josh Hensley
|
0-0: Called Strike 0-1: Ball 1-1: Ball 2-1: Ball 3-1: Foul Ball, location: 2F 3-2: Base on Balls Matt Sanders to second
|
|
Batting: RHB Chris Pounds
|
0-0: Ball 1-0: Called Strike 1-1: Ball 2-1: Foul Ball, location: 2F 2-2: Strikes out swinging
|
|
Batting: RHB Dan Grable
|
0-0: Ball 1-0: Foul Ball, location: 2F 1-1: Foul Ball, location: 2F 1-2: Strikes out swinging
|
|
Batting: RHB Bill Moldenhauer
|
0-0: Ball 1-0: Ball 2-0: Ball 3-0: Called Strike 3-1: Called Strike 3-2: Base on Balls Matt Sanders to third Josh Hensley to second
|
|
Batting: LHB Chad Persaud
|
0-0: DOUBLE (Line Drive, 78D, EV 106.9 MPH) Matt Sanders scores Josh Hensley scores Bill Moldenhauer to third Runner from 3rd tries for Home, SAFE, no throw by CF
|
|
Pitching: LHP Brock Lewis
|
|
|
Batting: LHB Tyler Allen
|
0-0: Ball 1-0: Ball 2-0: DOUBLE (Flyball, 9LD, EV 104.4 MPH) Chad Persaud scores
|
|
Batting: SHB Lance Franklin
|
0-0: Swinging Strike 0-1: Ball 1-1: Ball 2-1: Ball 3-1: Base on Balls
|
|
Batting: RHB Julian Nijhuis
|
0-0: Ball 1-0: Ball 2-0: Ball 3-0: Base on Balls Tyler Allen to third Lance Franklin to second
|
|
Batting: RHB Matt Sanders
|
0-0: Called Strike 0-1: Foul Ball, location: 2F 0-2: DOUBLE (Line Drive, 89D, EV 102.5 MPH) Tyler Allen scores Lance Franklin scores Julian Nijhuis to third
|
|
Batting: RHB Josh Hensley
|
0-0: Fly out, F9 (Flyball, 9, EV 75.6 MPH)
|
| Bottom of the 7th over - 6 runs, 4 hits, 0 errors, 2 left on base; Iowa 8 - Lehigh Valley 12 |
| TOP OF THE 8TH |
|
Iowa Cubs batting - Pitching for Lehigh Valley IronPigs : RHP Rome Corona
|
|
Batting: LHB Jose Mojica
|
0-0: Swinging Strike 0-1: Swinging Strike 0-2: Foul Ball, location: 2F 0-2: Ball 1-2: Strikes out swinging
|
|
Batting: RHB Butch Koglin
|
0-0: DOUBLE (Line Drive, 3D, EV 110.6 MPH)
|
|
Batting: SHB Gerardo Flores
|
0-0: Ball 1-0: Ball 2-0: Fly out, F7 (Flyball, 7LM, EV 91.2 MPH)
|
|
Batting: LHB Chris Morgan
|
0-0: Called Strike 0-1: Foul Ball, location: 2F 0-2: Fly out, F7 (Flyball, 78D, EV 90.0 MPH)
|
| Top of the 8th over - 0 runs, 1 hit, 0 errors, 1 left on base; Iowa 8 - Lehigh Valley 12 |
| BOTTOM OF THE 8TH |
|
Lehigh Valley IronPigs batting - Pitching for Iowa Cubs : LHP Brock Lewis
|
|
Pitching: LHP Shane Stratton
|
|
|
Batting: RHB Chris Pounds
|
0-0: Ball 1-0: Foul Ball, location: 2F 1-1: Swinging Strike 1-2: Ball 2-2: Strikes out swinging
|
|
Batting: RHB Dan Grable
|
0-0: Swinging Strike 0-1: Ball 1-1: Ball 2-1: Ball 3-1: Swinging Strike 3-2: Base on Balls
|
|
Batting: RHB Bill Moldenhauer
|
0-0: SINGLE (Line Drive, 89S, EV 91.2 MPH) Dan Grable to second Runner from 2nd tries for 3rd, SAFE, throw by CF made to third
|
|
Batting: LHB Chad Persaud
|
0-0: Ball 1-0: SINGLE (Groundball, 56, EV 96.2 MPH) (infield hit) Dan Grable scores Bill Moldenhauer to second
|
|
Batting: LHB Tyler Allen
|
0-0: Ball 1-0: Called Strike 1-1: SINGLE (Line Drive, 78S, EV 113.1 MPH) Bill Moldenhauer to third Chad Persaud to second
|
|
Batting: SHB Lance Franklin
|
0-0: Ball 1-0: DOUBLE (Groundball, 5L, EV 105.6 MPH) Bill Moldenhauer scores Chad Persaud scores Tyler Allen to third
|
|
Batting: RHB Julian Nijhuis
|
0-0: Called Strike 0-1: Ball 1-1: DOUBLE (Line Drive, 5D, EV 101.2 MPH) Tyler Allen scores Lance Franklin scores
|
|
Batting: RHB Matt Sanders
|
0-0: Foul Ball, location: 2F 0-1: Ball 1-1: Foul Ball, location: 2F 1-2: Foul Ball, location: 2F 1-2: Strikes out swinging
|
|
Pitching: RHP Pat Stone
|
|
|
Batting: RHB Josh Hensley
|
0-0: Called Strike 0-1: Swinging Strike 0-2: Ball 1-2: Ball 2-2: Ground out 5-3 (Groundball, 56, EV 103.1 MPH)
|
| Bottom of the 8th over - 5 runs, 5 hits, 0 errors, 1 left on base; Iowa 8 - Lehigh Valley 17 |
| TOP OF THE 9TH |
|
Iowa Cubs batting - Pitching for Lehigh Valley IronPigs : RHP Rome Corona
|
|
DELAY
|
Rain delay of 8 minutes in the 9th inning.
|
|
Batting: LHB John Criswell
|
0-0: Called Strike 0-1: Foul Ball, location: 2F 0-2: Foul Ball, location: 2F 0-2: Ball 1-2: Ball 2-2: Foul Ball, location: 2F 2-2: Foul Ball, location: 2F 2-2: Ball 3-2: Base on Balls
|
|
Pinch Hitting: LHB Paul Perry
|
0-0: Called Strike 0-1: Fielders Choice at 2nd, 6-4 (Groundball, 6, EV 94.4 MPH)
|
|
Pinch Hitting: RHB Jonathan Underhill
|
0-0: Ball 1-0: Fielders Choice at 2nd, 4-6 (Groundball, 4, EV 85.6 MPH)
|
|
Pinch Hitting: SHB R.J. Vargas
|
0-0: Called Strike 0-1: Called Strike 0-2: Strikes out swinging
|
| Top of the 9th over - 0 runs, 0 hits, 0 errors, 1 left on base; Iowa 8 - Lehigh Valley 17 |
|